 Dungeon Crawl Stone Soup version 0.29.0-5-ge4962eb29e (webtiles) character file.

Game seed: 14352592829108080680

175 Drevant2 the Ducker (level 5, -15/42 HPs)
             Began as a Demonspawn Gladiator on Aug 28, 2022.
             Demolished by an ogre
             ... wielding a +0 giant club
              (22 damage)
             ... on level 4 of the Dungeon.
             The game lasted 00:19:35 (4135 turns).

Drevant2 the Ducker (Demonspawn Gladiator)          Turns: 4135, Time: 00:19:35

Health: -15/42     AC:  3    Str: 15    XL:     5   Next: 29%
Magic:  5/5        EV: 13    Int:  9    God:
Gold:   182        SH:  4    Dex: 16    Spells: 4/4 levels left

rFire   . . .      SeeInvis .   a - +0 long sword
rCold   . . .      Faith    .   (no shield)
rNeg    . . .      Spirit   .   b - +0 leather armour
rPois   .          Reflect  .   (helmet restricted)
rElec   .          Harm     .   (no cloak)
rCorr   .          Rampage  .   (no gloves)
Will    .....                   (no boots)
Stlth   +.........              (no amulet)
HPRegen 0.14/turn               (no ring)
MPRegen 0.09/turn               (no ring)

@: no status effects
A: antennae 1, large bone plates 1, demonic magic 1
a: no special abilities


You were on level 4 of the Dungeon.
You visited 1 branch of the dungeon, and saw 4 of its levels.

You collected 182 gold pieces.

Inventory:

Hand Weapons
 a - a +0 long sword (weapon)
Armour
 b - a +0 leather armour (worn)
 c - a +0 helmet
Scrolls
 g - 2 scrolls of identify
 k - a scroll of torment {unknown}
 l - a scroll of immolation {unknown}
 o - a scroll of fear {unknown}
 p - a scroll of enchant armour {unknown}
 q - a scroll of teleportation {unknown}
 t - a scroll of enchant weapon {unknown}
Potions
 d - 2 potions of curing
 i - a potion of degeneration {unknown}
 j - a potion of attraction {unknown}
 m - a potion of resistance
 n - a potion of heal wounds {unknown}
 r - a potion of cancellation {unknown}
 s - a potion of might {unknown}


   Skills:
 * Level 3.9 Fighting
 - Level 3.3 Long Blades
 - Level 1.7 Throwing
 - Level 4.0 Dodging


You had 4 spell levels left.
You didn't know any spells.
Your spell library contained the following spells:

 Spells                   Type           Power      Damage    Failure   Level
 Slow                     Hex            0%         N/A       45%         1
 Sublimation of Blood     Necr           0%         N/A       58%         2
 Confusing Touch          Hex            0%         N/A       83%         3
 Vampiric Draining        Necr           0%         2d6       83%         3
 Petrify                  Tmut/Erth      0%         N/A       99%         4
 Irradiate                Conj/Tmut      0%         3d11      100%        5


Dungeon Overview and Level Annotations

Branches:
Dungeon (4/15)
 Temple: D:4-7

Altars:
Yredelemnul

Shops:
D:1 (

Annotations:
D:2 Terence


Innate Abilities, Weirdness & Mutations

You have a pair of small antennae on your head.
You are partially covered in large bone plates. (SH +4)
Spells you cast may paralyse adjacent enemies.


Message History

You hear the rusting of a very distant drain.
The kobold throws a stone.
The stone misses you.
Things that are here:
a +0 club; a gnoll corpse You block the gnoll's attack.
The gnoll barely misses you.
You hit the gnoll.
The gnoll is almost dead.
The gnoll barely misses you.
You slash the gnoll!
You kill the gnoll!
The kobold barely misses you.
You slash the kobold!
You kill the kobold!
You closely miss the gnoll. The gnoll misses you.
You slash the gnoll!
The gnoll is severely wounded.
The gnoll hits you with a +0 club.
You slash the gnoll!
You kill the gnoll!
Items here: ( ))) †††.
The ogre shouts!
The ogre closely misses you. The ogre barely misses you.
Things that are here:
a +0 club; a gnoll skeleton The gnoll shouts! x2
As you read the scroll labelled GINWEV KEROOFU, it crumbles to dust.
It is a scroll of identify.
f - a scroll of poison Really read the scroll of poison?
The air fills with toxic fumes!
As you read the scroll of poison, it crumbles to dust.
The ogre hits you with a +0 giant club!!
Ouch! That really hurt!
* * * LOW HITPOINT WARNING * * *
It was a potion of curing.
You feel better.
The ogre hits you with a +0 giant club!!
Ouch! That really hurt!
You die...

#.<..# ##. . ##§§§##.# #.
..###§§§§##.# #÷ ....##§§§§##.#
###. .# #.##§g.§##.# ###...
########.. #.##§§§.##.# #.....
g(...... ##..§§§..##.# #....#
.g.#..######§§##§#####§# #....#
##.#.....§§§§§§§@O§§§§§#####....#
...).#...§§#########§§§§)........
.##.##.....# #########...##
#.##.....# #...# #..[.....# #...#
####..>..# #...# #.....# #<..#
#.(...# ##### #.....#


You could see an ogre and a gnoll.

Vanquished Creatures
  Jessica (D:2)
  5 gnolls (D:4)
  3 adders
  A worm (D:2)
  A dart slug (D:1)
  4 orcs
  5 ball pythons
  5 endoplasms
  2 giant cockroaches
  2 goblins
  9 hobgoblins
  6 jackals (D:1)
  3 quokkas
  7 bats
  A frilled lizard (D:1)
  4 kobolds
  3 rats
62 creatures vanquished.

Notes
Turn   | Place    | Note
-------+----------+-------------------------------------------
     0 | D:1      | Drevant2 the Demonspawn Gladiator began the quest for the
                  | Orb.
     0 | D:1      | Reached XP level 1. HP: 16/16 MP: 1/1
   360 | D:1      | Found Zadefall's Weapon Shoppe.
   419 | D:1      | Gained mutation: You have a pair of small antennae on your
                  | head. [demonic ancestry]
   419 | D:1      | Reached XP level 2. HP: 22/22 MP: 2/2
   855 | D:1      | Reached skill level 3 in Dodging
  1350 | D:2      | Gained mutation: You are partially covered in large bone
                  | plates. (SH +4) [demonic ancestry]
  1350 | D:2      | Reached XP level 3. HP: 27/27 MP: 3/3
  1562 | D:2      | Noticed Jessica
  1576 | D:2      | Killed Jessica
  1777 | D:2      | Noticed Terence
  1940 | D:2      | Reached skill level 4 in Dodging
  1940 | D:2      | Reached XP level 4. HP: 33/33 MP: 4/4
  3340 | D:3      | Found a basalt altar of Yredelemnul.
  3836 | D:4      | Noticed an ogre
  4087 | D:4      | Gained mutation: Spells you cast may paralyse adjacent
                  | enemies. [demonic ancestry]
  4087 | D:4      | Reached XP level 5. HP: 39/41 MP: 5/5
  4134 | D:4      | HP: 1/42 [ogre/+0 giant club (27)]
  4135 | D:4      | Demolished by an ogre

Illustrated notes

Levels and vault maps discovered:
D:1:      dpeg_arrival_chambers_temple_mockup, layout_basic, serial_shops,
          nicolae_shop_trees
D:2:      layout_basic, uniq_crazy_yiuf_cottage, uniq_jessica, uniq_terence
D:3:      layout_basic, nicolae_overflow_hidden_temple,
          kennysheep_generic_room_10
D:4:      layout_rooms, cheibrodos_sewer_entry_bend, nicolae_shop_unique_rings,
          uniq_grinder, uniq_edmund

Skill      XL: |  1  2  3  4 |
---------------+-------------+-----
Long Blades    | 3 |  3.3
Dodging        | 3 4 |  4.0
Fighting       | 3 |  3.9
Throwing       | |  1.7

Action                   |  1- 3 |  4- 6 || total
-------------------------+-------+-------++-------
Melee: Long sword        |    88 |    86 ||   174
Throw: Throwing net      |     6 |     2 ||     8
       Javelin           |     5 |    20 ||    25
  Use: Scroll            |       |     2 ||     2
       Potion            |       |     1 ||     1
 Stab: Sleeping          |     1 |       ||     1
Armor: Leather armour    |    22 |    20 ||    42
Dodge: Dodged            |    60 |    57 ||   117
Block: Other             |     7 |    18 ||    25
